 Dungeon Crawl Stone Soup version 0.24.0-37-gcf1ca852f1 (webtiles) character file.

Game seed: 5897350009336960461, levelgen mode: deterministic

3208 PentaManta the Covert (level 9, 0/47 HPs)
             Began as a Spriggan Assassin on Dec 5, 2019.
             Was a Follower of Uskayaw.
             Slain by a centaur
             ... wielding a +0 spear
              (8 damage)
             ... on level 8 of the Dungeon.
             The game lasted 00:14:25 (8628 turns).

PentaManta the Covert (Spriggan Assassin)           Turns: 8628, Time: 00:14:26

Health: 0/47       AC:  4    Str:  8    XL:     9   Next: 65%
Magic:  10/10      EV: 25    Int: 12    God:    Uskayaw [*.....]
Gold:   351        SH:  0    Dex: 20    Spells: 8/8 levels left

rFire    . . .     SeeInvis +   B - +2 dagger (elec)
rCold    + . .     Gourm    .   (shield restricted)
rNeg     . . .     Faith    .   b - +0 robe
rPois    .         Spirit   .   (helmet restricted)
rElec    .         Reflect  .   c - +1 cloak
rCorr    .         Harm     .   (gloves unavailable)
MR       +....                  (boots unavailable)
Stlth    +++++.....             (no amulet)
HPRegen  0.15/turn              j - ring of protection from cold
MPRegen  0.12/turn              (no ring)

@: very quick
A: very small, unfitting armour, see invisible, herbivore, speed 3, slow
metabolism 2
a: Stomp, Renounce Religion


You were on level 8 of the Dungeon.
You worshipped Uskayaw.
Uskayaw was noncommittal.
You were very hungry.

You visited 2 branches of the dungeon, and saw 9 of its levels.

You collected 351 gold pieces.

Inventory:

Hand Weapons
 p - a +2 dagger of venom
 w - a +0 scimitar
 B - a +2 dagger of electrocution (weapon)
Missiles
 a - 4 atropa-tipped darts
 d - 30 poisoned darts (quivered)
 e - 2 curare-tipped darts
 K - a throwing net
Armour
 b - a +0 robe (worn)
 c - a +1 cloak (worn)
Jewellery
 j - a ring of protection from cold (left hand)
 o - an uncursed ring of wizardry
 I - an uncursed ring of flight
Wands
 i - a wand of flame (11)
 n - a wand of polymorph (12)
 r - a wand of enslavement (8)
 v - a wand of scattershot (4)
 x - a wand of disintegration (15)
 y - a wand of random effects (18)
Scrolls
 g - 2 scrolls of identify
 h - 5 scrolls of teleportation
 l - 2 scrolls of magic mapping
 s - a scroll of amnesia
 u - a scroll of summoning
Potions
 k - 3 potions of curing
 m - 2 potions of degeneration {unknown}
 q - 2 potions of heal wounds
 t - 3 potions of agility
 z - 3 potions of lignification
 D - a potion of magic
 E - a potion of might
 G - a potion of berserk rage
 H - a potion of flight
 J - a potion of cancellation
Comestibles
 f - 12 rations


   Skills:
 + Level 5.4 Fighting
 + Level 7.1(8.1) Short Blades
 + Level 4.5(5.7) Long Blades
 - Level 2.0 Throwing
 + Level 8.9 Dodging
 + Level 11.1 Stealth


You had 8 spell levels left.
You didn't know any spells.
Your spell library contained the following spells:

 Spells                   Type           Power        Failure   Level  Hunger
 Animate Skeleton         Necr           N/A          32%         1    ##.....
 Apportation              Tloc           #.....       32%         1    ##.....
 Confusing Touch          Hex            #.....       32%         1    ##.....
 Summon Small Mammal      Summ           #...         32%         1    ##.....


Dungeon Overview and Level Annotations

Branches:
Dungeon (8/15)             Temple (1/1) D:5
   Lair: D:8-11

Altars:
Ashenzari
Cheibriados
Dithmenos
Elyvilon
Fedhas
Gozag
Hepliaklqana
Kikubaaqudgha
Makhleb
Nemelex Xobeh
Okawaru
Qazlal
Ru
Sif Muna
Trog
Uskayaw
Vehumet
Wu Jian
Xom
Yredelemnul
Zin
The Shining One

Shops:
D:8 !

Annotations:
D:3 1 runed translucent door, lis82's ghost, amateur DgSk
D:8 2 runed translucent doors, dragonscale333's ghost, novice CeHu


Innate Abilities, Weirdness & Mutations

You are very small and have problems with some larger weapons.
You are too small for most types of armour.
You have supernaturally acute eyesight. (SInv)
You are a herbivore.
You cover ground extremely quickly.
You need to consume almost no food.


Message History

You hit the bush but do no damage.
The bush is severely damaged.
The centaur completely misses you.
You hit the bush but do no damage.
The bush is severely damaged.
You are feeling very hungry.
The centaur hits you from afar with a +0 spear!
There is a stone staircase leading down here.
You start resting.
The centaur hits you with a +0 spear!
* * * LOW HITPOINT WARNING * * *
You barely miss the centaur. You barely miss the centaur.
The centaur completely misses you.
You hit the centaur. Lightning courses through the centaur!
The centaur is severely wounded.
The centaur closely misses you.
You hit the centaur but do no damage.
The centaur is severely wounded.
The centaur hits you with a +0 spear!
You die...

........#####.##****** *...#
....###.## #..## #####...#
.#..##...#####..####.......#
.#.##.....##.....).........#
...#.......#.####[.........#
#......_.....(..####≈≈..?..#
.>.#.......#(...Pc%..≈.....#
...##.....##...c####≈≈.....#
....##...######.@......$.###
.....##.#######..........#
.............##..........#
.............##..........#
.............###########**
#......>.....#
.............###
...............##
.............#..#


You could see a centaur.

Vanquished Creatures
  A two-headed ogre (D:5)
  Pikel (D:5)
  Menkaure (D:4)
  Duvessa (D:5)
  2 orc warriors
  A phantom (D:6)
  A slave (D:5)
  A sky beast (D:6)
  A necrophage (D:7)
  A centaur (D:5)
  Blork the orc (D:5)
  A big kobold (D:8)
  3 bullfrogs
  Dowan (D:5)
  2 scorpions
  A howler monkey (D:8)
  3 hounds
  2 centaur skeletons
  A jelly (D:7)
  2 orc priests
  A bullfrog skeleton (D:5)
  2 iguanas
  Ijyb (D:4)
  2 orc wizards
  3 worker ants (D:4)
  Natasha (thrice) (D:4)
  A hound zombie (D:5)
  7 gnolls
  12 adders
  A shadow imp (D:5)
  2 oozes
  An adder skeleton (D:7)
  2 worms
  4 leopard geckos
  18 orcs
  2 ball pythons (D:2)
  9 bats
  A giant cockroach (D:6)
  8 goblins
  10 hobgoblins
  6 jackals
  6 kobolds
  2 quokkas
  5 frilled lizards
  A jackal skeleton (D:7)
  7 rats
145 creatures vanquished.

Vanquished Creatures (others)
  A bush (D:8)
1 creature vanquished.

Grand Total: 146 creatures vanquished

Notes
Turn   | Place    | Note
-------+----------+-------------------------------------------
     0 | D:1      | PentaManta the Spriggan Assassin began the quest for the
                  | Orb.
     0 | D:1      | Reached XP level 1. HP: 10/10 MP: 2/2
   364 | D:1      | Reached skill level 6 in Stealth
   405 | D:1      | Reached XP level 2. HP: 15/15 MP: 3/3
   953 | D:1      | Reached XP level 3. HP: 18/18 MP: 4/4
  1080 | D:2      | Found a blossoming altar of Fedhas.
  1487 | D:2      | Found a burning altar of Makhleb.
  1592 | D:2      | Found a stormy altar of Qazlal.
  1617 | D:2      | Reached XP level 4. HP: 23/23 MP: 5/5
  2491 | D:3      | Found an opulent altar of Gozag.
  2786 | D:3      | Found a runed translucent door.
  2786 | D:3      | Noticed lis82's ghost (amateur DgSk)
  2872 | D:3      | Reached skill level 7 in Stealth
  2872 | D:3      | Reached XP level 5. HP: 27/27 MP: 6/6
  2890 | D:3      | Found a faded altar of an unknown god.
  3273 | D:3      | Found a hide-covered altar of Uskayaw.
  3321 | D:3      | Became a worshipper of Uskayaw the Reveler
  3370 | D:3      | Reached * piety under Uskayaw
  3441 | D:3      | Found a glowing silver altar of Zin.
  3602 | D:4      | Reached ** piety under Uskayaw
  3625 | D:4      | Noticed Natasha
  3636 | D:4      | Killed Natasha
  3656 | D:4      | Reached skill level 1 in Long Blades
  3656 | D:4      | Reached XP level 6. HP: 32/32 MP: 7/7
  3662 | D:4      | Noticed Natasha
  3667 | D:4      | Noticed Ijyb
  3678 | D:4      | Killed Natasha
  3697 | D:5      | Entered Level 5 of the Dungeon
  3697 | D:5      | Noticed a two-headed ogre
  3980 | D:5      | Killed a two-headed ogre
  3980 | D:5      | Reached skill level 5 in Short Blades
  3980 | D:5      | Reached skill level 8 in Stealth
  3980 | D:5      | Reached XP level 7. HP: 37/37 MP: 8/8
  4026 | D:4      | Killed Ijyb
  4026 | D:4      | Reached XP level 8. HP: 42/42 MP: 9/9
  4268 | D:4      | Noticed Natasha
  4280 | D:4      | Killed Natasha
  4280 | D:4      | Reached skill level 9 in Stealth
  4437 | D:4      | Noticed Menkaure
  4458 | D:4      | Killed Menkaure
  5060 | D:5      | Noticed Dowan
  5062 | D:5      | Noticed Duvessa
  5064 | D:5      | Killed Duvessa
  5077 | D:5      | Killed Dowan
  5094 | D:5      | Noticed Blork the orc
  5261 | D:5      | Killed Blork the orc
  5277 | D:5      | Found a staircase to the Ecumenical Temple.
  5294 | Temple   | Entered the Ecumenical Temple
  6078 | D:5      | Found an iron altar of Okawaru.
  6210 | D:5      | Noticed Pikel
  6221 | D:5      | Killed Pikel
  6221 | D:5      | Reached skill level 10 in Stealth
  6221 | D:5      | Reached XP level 9. HP: 46/46 MP: 10/10
  6466 | D:6      | Reached *** piety under Uskayaw
  6488 | D:6      | Found a shattered altar of Ashenzari.
  6817 | D:6      | Found a hazy altar of Hepliaklqana.
  6935 | D:6      | Reached skill level 5 in Fighting
  7805 | D:7      | Reached **** piety under Uskayaw
  7808 | D:7      | Reached ***** piety under Uskayaw
  7951 | D:7      | Found a shimmering blue altar of Sif Muna.
  8146 | D:8      | Found Atuorel's Distillery.
  8244 | D:8      | Reached skill level 11 in Stealth
  8284 | D:8      | Found a radiant altar of Vehumet.
  8407 | D:8      | Found a large runed translucent door.
  8407 | D:8      | Found a large runed translucent door.
  8408 | D:8      | Noticed dragonscale333's ghost (novice CeHu)
  8628 | D:8      | Slain by a centaur

Levels and vault maps discovered:
D:1:      saegor_arrival_simple_a, layout_loops_ring, roderic_roman_lattice
D:2:      minmay_chambers_of_ones, layout_basic, fedhas_ov_isle_minmay,
          nicolae_qazlal_eye_of_the_storm, bloody_makhleb
D:3:      layout_basic, nicolae_gozag_cash_rules_everything_around_me,
          lemuel_crystal_altar, lemuel_coloured_pillars_altar,
          chequers_ecumenical_altar_simple, ebering_ghost_reflecting_pool,
          first_ration
D:4:      layout_basic, uniq_menkaure, uniq_natasha, uniq_ijyb
D:5:      layout_basic, lemuel_doored_altar, minmay_temple_entry_water_ring,
          uniq_pikel, uniq_blork_the_orc, uniq_duvessa
D:6:      layout_basic, kennysheep_mini, cheibrodos_ashenzari_chains
D:7:      layout_cave_pods, lemuel_blue_sif_altar
D:8:      layout_rooms, lemuel_round_altar, ebering_ghost_disaster_area,
          serial_shops, nicolae_shop_temple_entry_statues_fountains,
          serial_rivers, chequers_serial_rivers_small_a,
          chequers_serial_rivers_micro_b, chequers_serial_rivers_small_b,
          chequers_serial_rivers_micro_b, chequers_serial_rivers_room_a,
          chequers_serial_rivers_room_a, blue_anna_alchemist
          [blue_anna_fruit_fields, blue_anna_fruit_fields],
          kb_lookout_dungeons_type
Temple:   minmay_temple_forest_path

Skill      XL: |  1  2  3  4  5  6  7  8  9 |
---------------+----------------------------+-----
Dodging        | 2 3 4 6 7 8 |  8.9
Stealth        | 6 7 8 10 11 | 11.1
Fighting       | 2 3 4 5 |  5.4
Short Blades   | 3 5 6 7 |  7.1
Long Blades    | 1 2 3 4 |  4.5
Throwing       | |  2.0

Action                   |  1- 3 |  4- 6 |  7- 9 || total
-------------------------+-------+-------+-------++-------
Melee: Dagger            |   132 |   127 |   281 ||   540
Throw: Dart              |     4 |     3 |     5 ||    12
  Use: Scroll            |       |       |    22 ||    22
 Stab: Sleeping          |    11 |    10 |    17 ||    38
       Distracted        |       |     1 |       ||     1
       Paralysed         |       |       |     4 ||     4
  Eat: Ration            |       |       |     2 ||     2
Armor: Robe              |    21 |    12 |    12 ||    45
Dodge: Dodged            |    93 |    75 |   200 ||   368
